Map: Catalyst LE

Players

KaasGrater - Winner!

  • Race: Protoss Protoss
  • League: Diamond
  • Spawn Location: 11:00

A.I. 1 (Very Easy)

  • Race: Zerg Zerg
  • Spawn Location: 5:00

VOD

Have the link to the VOD?

Description

Time

  • Played on: Aug. 9, 2018, 5:54 p.m.
  • Length: 8:12
Show
View Real Time Build Order
Export as new Build Order

KaasGrater Protoss - Winner!

Build Orders: 1 Gate Expand, Zealot Archon, Dark Templar Rush 

Get SALT Encoding   

  12  0:01  Probe  
  13  0:13  Probe  
  14  0:21  Pylon  
  14  0:25  Probe  
  15  0:37  Probe  
  16  0:43  Gateway  
  16  0:45  Probe  
  16  0:48  Assimilator  
  17  1:00  Probe  
  18  1:12  Probe  
  19  1:24  Probe  
  20  1:31  Nexus  
  20  1:44  Cybernetics Core  
  20  1:46  Probe  
  21  1:52  Assimilator  
  21  1:59  Probe  
  22  2:02  Pylon  
  22  2:11  Probe  
  23  2:23  Warp Gate  
  23  2:29  Twilight Council  
  23  2:31  Adept  
  23  2:33  Probe  
  26  2:44  Probe  
  26  2:45  Robotics Facility  
  26  2:46  Probe  
  28  2:52  Probe  
  28  2:54  Probe  
  29  3:00  Probe  
  29  3:04  Probe  
  31  3:11  Dark Shrine  
  32  3:13  Probe  
  32  3:16  Probe  
  34  3:25  Probe  
  35  3:28  Probe  
  35  3:30  Assimilator  
  36  3:34  Warp Prism  
  36  3:37  Probe  
  36  3:40  Probe  
  40  3:45  Gateway  
  40  3:50  Gateway  
  40  3:56  Gateway  
  40  4:00  Probe x2  
  42  4:12  Probe x2  
  44  4:19  Assimilator  
  44  4:21  Pylon x2  
  44  4:24  Probe, Pylon  
  45  4:28  Probe  
  46  4:39  Probe  
  46  4:40  Probe  
  48  4:54  Dark Templar x3  
  48  4:58  Dark Templar, Warp Prism  
  56  5:03  Charge  
  58  5:21  Pylon  
  56  5:43  Gateway  
  56  5:44  Gateway  
  56  5:46  Gateway  
  56  5:49  Gateway  
  52  5:50  Gateway  
  52  5:58  Gateway  
  52  6:16  Dark Templar x4  
  60  6:21  Pylon  
  60  6:22  Pylon  
  60  6:23  Pylon  
  60  6:24  Archon x2  
  60  6:25  Pylon  
  60  6:50  Dark Templar x4  
  68  6:55  Dark Templar x3  
  68  6:57  Zealot x3  
  68  6:59  Archon x2  
  68  7:00  Archon x2  
  78  7:26  Zealot x3  
  78  7:27  Zealot x6  
  96  7:44  Zealot  
  96  7:49  Pylon  
  96  7:50  Pylon, Zealot x3  
  96  7:51  Zealot x3  
  110  7:52  Pylon  
Show
View Real Time Build Order
Export as new Build Order

A.I. 1 (Very Easy) Zerg 

Build Orders: Hatch First 

Get SALT Encoding   

  12  0:01  Drone  
  13  0:12  Overlord  
  13  0:17  Drone  
  14  0:42  Hatchery  
  13  0:45  Drone  
  14  1:02  Spawning Pool  
  13  1:05  Drone  
  13  1:09  Extractor  
  13  1:12  Drone  
  14  1:20  Overlord  
  14  1:49  Zergling x2  
  14  1:50  Queen  
  14  1:51  Zergling x2  
  18  1:56  Roach Warren  
  17  2:02  Drone  
  17  2:07  Extractor  
  17  2:11  Drone  
  18  2:16  Zergling x2  
  18  2:22  Drone  
  20  2:29  Drone  
  21  2:36  Drone  
  22  2:43  Drone  
  23  2:50  Drone  
  24  2:57  Drone  
  25  3:03  Roach  
  25  3:04  Drone  
  28  3:12  Drone  
  29  3:18  Overlord  
  29  3:20  Drone  
  30  3:28  Drone  
  31  3:34  Lair  
  31  3:35  Drone  
  32  3:47  Drone  
  33  3:51  Roach  
  33  3:54  Drone  
  36  4:00  Overlord  
  36  4:01  Drone  
  37  4:08  Drone  
  38  4:15  Drone  
  39  4:23  Drone  
  40  4:30  Drone  
  41  4:31  Overseer  
  41  4:35  Overseer  
  41  4:37  Drone  
  41  4:38  Overlord, Roach, Ravager  
  45  4:44  Drone  
  46  4:51  Drone  
  47  4:58  Drone  
  48  5:02  Extractor  
  48  5:06  Drone, Extractor  
  47  5:13  Drone  
  48  5:20  Drone  
  49  5:27  Drone  
  42  5:34  Drone  
  39  5:42  Drone  
  40  5:49  Drone  
  40  5:51  Hatchery  
  40  5:56  Drone  
  40  6:04  Drone  
  41  6:11  Drone  
  42  6:18  Drone  
  42  6:25  Drone  
  43  6:32  Drone  
  44  6:39  Drone  
  45  6:47  Drone  
  46  6:54  Drone  
  47  6:55  Overlord  
  47  7:01  Drone  
  48  7:08  Drone  
  49  7:15  Drone  
  50  7:19  Zergling x2  
  50  7:22  Drone  
  43  7:35  Overlord  
  42  7:38  Drone  
  14  7:45  Drone  
  1  7:59  Drone  
Tags
 
Add a new tag
Caveats
  • Supply blocks, unpowered buildings, or Contaminate may cause inaccurate times.
  • Supply counts are checked every 10 seconds.